 Dungeon Crawl Stone Soup version 0.28-a0-612-gcfc00ec14d (webtiles) character file.

Game seed: 4720174876309399590

666 bande the Chopper (level 7, -7/44 HPs)
             Began as a Gargoyle Fighter on Oct 5, 2021.
             Mangled by a wight (13 damage)
             ... on level 5 of the Dungeon.
             The game lasted 00:10:58 (4243 turns).

bande the Chopper (Gargoyle Fighter)                Turns: 4243, Time: 00:10:59

Health: -7/44      AC: 16    Str: 20    XL:     7   Next: 57%
Magic:  7/7        EV:  6    Int: 11    God:
Gold:   164        SH:  4    Dex: 10    Spells: 6/6 levels left

rFire   . . .      SeeInvis +   z - +0 war axe (vorpal)
rCold   . . .      Faith    .   c - +0 buckler
rNeg    + . .      Spirit   .   m - +0 plate armour
rPois   ∞          Reflect  .   n - +2 hat
rElec   +          Harm     .   e - scarf {repulsion}
rCorr   .          Rampage  .   (no gloves)
Will    .....                   h - +1 pair of boots
Stlth   ..........              (no amulet)
HPRegen 0.14/turn               i - ring of see invisible
MPRegen 0.10/turn               j - +4 ring of slaying

@: repel missiles
A: sickness immunity, AC +4, negative energy resistance 1, electricity
resistance, torment resistance 1, petrification resistance, horns 1, clever 1,
deformed body, noise suppression
a: no special abilities


You were on level 5 of the Dungeon.
You visited 1 branch of the dungeon, and saw 5 of its levels.
You also visited: Ossuary.

You collected 164 gold pieces.

Inventory:

Hand Weapons
 a - a +1 war axe
 z - a +0 vorpal war axe (weapon)
Armour
 c - a +0 buckler (worn)
 e - a scarf of repulsion (worn)
 h - a +1 pair of boots (worn)
 m - a +0 plate armour (worn)
 n - a +2 hat (worn)
Jewellery
 b - an amulet of regeneration
 i - a ring of see invisible (left hand)
 j - a +4 ring of slaying (right hand)
 x - a ring of protection from cold
Wands
 q - a wand of flame (18)
Scrolls
 g - a scroll of amnesia
 p - a scroll of immolation
 r - a scroll of fear {unknown}
 s - 2 scrolls of fog {unknown}
 y - a scroll of enchant armour
 A - a scroll of magic mapping
Potions
 d - 2 potions of might
 f - a potion of ambrosia {unknown}
 k - a potion of magic {unknown}
 l - 2 potions of invisibility {unknown}
 o - a potion of flight {unknown}
 t - a potion of berserk rage {unknown}
 u - 2 potions of degeneration {unknown}
 v - 3 potions of heal wounds {unknown}
 w - 3 potions of curing {unknown}


   Skills:
 + Level 4.5 Fighting
 + Level 5.5 Axes
 + Level 4.8 Armour
 + Level 4.0 Shields
 * Level 1.9 Evocations


You had 6 spell levels left.
You didn't know any spells.
Your spell library contained the following spells:

 Spells                   Type           Power      Damage    Failure   Level
 Summon Small Mammal      Summ           0%         N/A       100%        1
 Call Canine Familiar     Summ           0%         N/A       100%        3
 Gell's Gravitas          Tloc           0%         N/A       100%        3
 Lesser Beckoning         Tloc           0%         N/A       100%        3
 Summon Guardian Golem    Hex/Summ       0%         N/A       100%        3
 Teleport Other           Tloc           0%         N/A       100%        3


Dungeon Overview and Level Annotations

Branches:
Dungeon (5/15)            Ossuary (visited)
 Temple: D:4-7

Altars:
Ru
Uskayaw


Innate Abilities, Weirdness & Mutations

You are immune to sickness and miasma.
Your stone body is resilient. (AC +4)
You are immune to poison.
You resist negative energy. (rN+)
You are resistant to electric shocks. (rElec)
You are resistant to unholy torment.
You are immune to petrification.
You have a pair of small horns on your head.
Your mind is acute. (Int +2)
Armour fits poorly on your strangely shaped body.
You passively dampen the noise of your surroundings.


Message History

You closely miss the wight.
The wight is heavily damaged.
You hit the wight but do no damage. You block the wight's attack.
The wight barely misses you.
You completely miss the wight.
The wight is heavily damaged.
You slash the wight! You hit the wight. You block the wight's attack. x2
The wight hits you with a +4 morningstar!
You are too injured to fight recklessly!
You are too injured to fight recklessly!
You are too injured to fight recklessly!
You are too injured to fight recklessly!
You are too injured to fight recklessly!
You are too injured to fight recklessly!
You are too injured to fight recklessly!
You are too injured to fight recklessly!
You are too injured to fight recklessly!
Unknown command.
You slash the wight!
You destroy the wight!
You closely miss the wight. You completely miss the wight.
The wight hits you but does no damage.
The wight hits you with a +4 morningstar!
Unknown command.
The wight hits you but does no damage. You block the wight's attack.
Items here: )) ? [[.
Unknown command.
You slash the wight!
You destroy the wight!
You hit the wight. The wight closely misses you. The wight barely misses you.
Items here: ( ) ? [.
You block the wight's attack. The wight barely misses you.
You hit the wight but do no damage.
The wight is severely damaged.
The wight hits you with a +4 morningstar!
* * * LOW HITPOINT WARNING * * *
The wight hits you with a +4 morningstar!
You die...

#. #..........
#.##..........
.............
#............
#............
###..#..(......
#............#
#.....))#
#....@z.#
#.......#
#?......#
#####.###
....... #..#
#........ ##.#
#........# #.#
#........#
#.###........#
##............#


You could see a wight.

Vanquished Creatures
  3 wights (D:5)
  A gnoll shaman (D:4)
  4 human zombies (Ossuary)
  A hound (D:4)
  A centaur skeleton (D:5)
  An iguana (D:4)
  Jessica (D:3)
  An orc wizard (D:3)
  Terence (D:2)
  2 mummies (Ossuary)
  5 gnolls
  2 adders
  An ufetubus (D:4)
  4 adder zombies (Ossuary)
  2 adder skeletons
  A worm (D:2)
  5 orcs
  9 ball pythons
  7 endoplasms
  4 giant cockroaches
  6 goblins
  7 hobgoblins
  6 jackals
  4 quokkas
  4 bats
  4 frilled lizards
  A goblin zombie (Ossuary)
  15 hobgoblin zombies (Ossuary)
  3 jackal zombies (Ossuary)
  4 kobolds
  3 kobold zombies (Ossuary)
  7 orc zombies (Ossuary)
  3 rats
123 creatures vanquished.

Notes
Turn   | Place    | Note
-------+----------+-------------------------------------------
     0 | D:1      | bande the Gargoyle Fighter began the quest for the Orb.
     0 | D:1      | Reached XP level 1. HP: 14/14 MP: 1/1
    96 | D:1      | Found a faded altar of an unknown god.
   123 | D:1      | Identified a scroll of acquirement
   123 | D:1      | Acquired a scarf of repulsion
   142 | D:1      | Reached XP level 2. HP: 19/19 MP: 2/2
   180 | D:1      | You fall into a shaft and drop 1 floor!
   186 | D:2      | Reached skill level 2 in Axes
   531 | D:1      | Reached XP level 3. HP: 19/23 MP: 3/3
  1045 | D:2      | Found a hide-covered altar of Uskayaw.
  1078 | D:2      | Noticed Terence
  1087 | D:2      | Killed Terence
  1088 | D:2      | Reached XP level 4. HP: 20/28 MP: 4/4
  1590 | D:2      | Reached skill level 3 in Axes
  1663 | D:2      | Gained mutation: Your mind is acute. (Int +2) [potion of
                  | mutation]
  1663 | D:2      | Gained mutation: Armour fits poorly on your strangely
                  | shaped body. [potion of mutation]
  1663 | D:2      | Gained mutation: You passively dampen the noise of your
                  | surroundings. [potion of mutation]
  1663 | D:2      | Gained mutation: You have a pair of small horns on your
                  | head. [potion of mutation]
  1934 | D:3      | Reached XP level 5. HP: 29/33 MP: 5/5
  2321 | D:3      | Noticed Jessica
  2327 | D:3      | Killed Jessica
  2976 | D:4      | Found a sand-covered staircase.
  2982 | D:4      | Reached skill level 4 in Axes
  2987 | D:4      | Reached XP level 6. HP: 26/38 MP: 6/6
  2989 | Ossuary  | Entered an ossuary
  3288 | Ossuary  | Reached skill level 1 in Evocations
  3595 | D:4      | Reached skill level 5 in Axes
  3595 | D:4      | Reached XP level 7. HP: 35/43 MP: 7/7
  3974 | D:4      | Found a sacrificial altar of Ru.
  4200 | D:5      | Entered Level 5 of the Dungeon
  4243 | D:5      | Mangled by a wight

Illustrated notes

Levels and vault maps discovered:
D:1:      eino_arrival_cavern_d, layout_rooms, basic_ecumenical_altar,
          st_stairs_8, minmay_pentomino_x2
D:2:      layout_loops_cross, basic_altar, minmay_surrounded, uniq_terence
D:3:      layout_basic, uniq_jessica
D:4:      layout_basic, marbit_many_paths, nicolae_ossuary_entry_ruins
D:5:      layout_basic, mainiacjoe_overflow_catwalk, uniq_edmund, uniq_eustachio

Skill      XL: |  1  2  3  4  5  6  7 |
---------------+----------------------+-----
Axes           | 2 3 4 5 |  5.5
Armour         | 4 |  4.8
Fighting       | 4 |  4.5
Evocations     | 1 |  1.9
Shields        | 4 |  4.0

Action                   |  1- 3 |  4- 6 |  7- 9 || total
-------------------------+-------+-------+-------++-------
Melee: War axe           |    93 |   160 |    44 ||   297
       Headbutt          |       |    25 |    10 ||    35
  Use: Scroll            |     6 |     3 |       ||     9
       Potion            |       |     1 |       ||     1
Armor: Scale mail        |    62 |       |       ||    62
       Plate armour      |     2 |    98 |    20 ||   120
Dodge: Dodged            |    62 |    44 |    19 ||   125
       Repelled          |       |     1 |       ||     1
Block: Buckler           |    23 |    26 |    18 ||    67

Table legend: (Time is in decaauts)
 A = Elapsed time spent in this place.
 B = Non-inter-level travel time spent in this place.
 C = Inter-level travel time spent in this place.
 D = Time resting spent in this place.
 E = Time spent auto-exploring this place.
 F = Levels seen in this place.
 G = Mean time per level.
                   A        B        C        D        E       F      G
               +--------+--------+--------+--------+--------+-----+--------+
         Total |   4339 |   4191 |    148 |    260 |   2961 |   6 |  723.2 |
       Dungeon |   3714 |   3566 |    148 |    100 |   2674 |   5 |  742.8 |
       Ossuary |    625 |    625 |      0 |    160 |    287 |   1 |  625.0 |
               +--------+--------+--------+--------+--------+-----+--------+

Top non-repeatable levels by time:
     D:2: 1204 daAuts
     D:3: 1044 daAuts
     D:1: 720 daAuts
     D:4: 698 daAuts
 Ossuary: 625 daAuts
     D:5: 46 daAuts
